[Event "Early-Titled-Tuesday-Blitz-February-13-2024"]
[Site "Chess.com"]
[Date "2024.02.13"]
[Round "4"]
[White "kleinebeer98"]
[Black "mishanick"]
[Result "1-0"]
[WhiteElo "2843"]
[BlackElo "2969"]
[TimeControl "180+1"]
[EndTime "8:42:57 PST"]
[Termination "kleinebeer98 won by resignation"]

1. e4 c5 2. Nf3 e6 3. d4 cxd4 4. Bg5 f6 5. Bc1 Nc6 6. Nxd4 Nxd4 7. Qxd4 Ne7 8. Nc3 Nc6 9. Qd1 Bc5 10. Qh5+ g6 11.
Qxc5 d6 12. Qe3 O-O 13. Bc4 a6 14. O-O b5 15. Bb3 Kh8 16. Qg3 Qe7 17. Bf4 Ne5 18. Rad1 g5 19. Be3 Bb7 20. a3 Rg8 21. Rfe1 h5 22.
Bd4 h4 23. Qe3 Ng6 24. Qxg5 Kg7 25. Qd2 Kh7 26. h3 f5 27. Kh2 e5 28. exf5 Nf4 29.
Bxg8+ Rxg8 30. Rg1 Qg5 31. g4 exd4 32. Qxd4 Nh5 33.
Rde1 Nf6 34. Re7+ Rg7 35. f4 Nxg4+ 36. Rxg4 Qxe7 37. f6 Rxg4 38. fxe7 Rg2+ 39. Kh1 Rg5+ 40. Qe4+ Bxe4+ 41. Nxe4 Rg8 42. Nf6+ 1-0

[Event "Early-Titled-Tuesday-Blitz-February-13-2024"]
[Site "Chess.com"]
[Date "2024.02.13"]
[Round "4"]
[White "ClaudiaSof"]
[Black "Thunderbolt135"]
[Result "0-1"]
[WhiteElo "2318"]
[BlackElo "2657"]
[TimeControl "180+1"]
[EndTime "8:42:57 PST"]
[Termination "Thunderbolt135 won by resignation"]

1. d4 Nf6 2. Bf4 b6 3. e3 Bb7 4. Nf3 e6 5. Nbd2 Nh5 6. Bg3 Be7 7. Bd3 O-O 8. c3 f5 9. Qe2 c5 10. O-O-O cxd4 11. cxd4 Nc6 12. a3 f4 13. exf4 Nxf4 14. Bxf4 Rxf4 15. Qe3 Qf8 16. Kb1 Bd8 17. h4 Ne7 18.
Ng5 h6 19. Nde4 Nd5 20. Qd2 hxg5 21. hxg5 Rxe4 22. Bxe4 Nc3+ 23. Qxc3 Bxe4+ 24. Ka1 Bxg5 25. Qh3 Bh6 26. f3 Bc2 27. Rde1 Bg6 28. Qg4 Qf5 29. Qg3 Bf4 30. Qf2 Bh6 31. Qe2 Rc8 32. Ka2 Rc2 33. Qd1 Qd5+ 34. Kb1 Qb3 0-1

[Event "Early-Titled-Tuesday-Blitz-February-13-2024"]
[Site "Chess.com"]
[Date "2024.02.13"]
[Round "4"]
[White "LeoWin2012"]
[Black "SashaKuzhilniy"]
[Result "0-1"]
[WhiteElo "2240"]
[BlackElo "2595"]
[TimeControl "180+1"]
[EndTime "8:42:57 PST"]
[Termination "SashaKuzhilniy won by checkmate"]

1. e4 g6 2. d4 Bg7 3. Be3 d6 4. Nc3 a6 5. Qd2 b5 6. f3 Nd7 7. h4 h6 8. g4 Bb7 9. O-O-O c5 10.
dxc5 Nxc5 11. Bd4 e5 12. Be3 b4 13. Nd5 a5 14. Bb5+ Kf8 15. Ne2 Rb8 16. Nxb4 Nxe4 17.
fxe4 axb4 18. Qxb4 Qe7 19. Rxd6 Rc8 20. Rhd1 Bf6 21.
Rd8+ Rxd8 22. Rxd8+ Kg7 23. Qd2 Qxd8 24. Qc3 Bxe4 25.
Ng3 Ba8 26. Bc4 Bxh4 27. Qxe5+ Bf6 28. Qb5 Ne7 29. a4 Nd5 30. Bd2 Nc7 31. Qc5 Bd5 32.
Bd3 Ne6 33. Qf2 Qb8 34. c3 Rc8 35. Bxh6+ Kxh6 36. Qxf6 Qxg3 37. a5 Qf4+ 38. Qxf4+ Nxf4 39. a6 Nxd3+ 40. Kd2 Nc5 41. a7 Ra8 42. b4 Rxa7 43. bxc5 Rc7 44. Kd3 Rxc5 45. Kd4 Ra5 46. c4 Bxc4 47.
Kxc4 Ra4+ 48. Kd3 Rxg4 49. Ke2 f5 50. Kf1 Kg5 51. Kf2 Re4 52. Kf1 Kf4 53. Kg2 Re3 54. Kh1 Re2 55. Kg1 Kg3 56. Kf1 Re3 57. Kg1 Re1# 0-1

[Event "Early-Titled-Tuesday-Blitz-February-13-2024"]
[Site "Chess.com"]
[Date "2024.02.13"]
[Round "4"]
[White "vidavi"]
[Black "NikitaShnadrygin"]
[Result "0-1"]
[WhiteElo "2422"]
[BlackElo "2627"]
[TimeControl "180+1"]
[EndTime "8:42:58 PST"]
[Termination "NikitaShnadrygin won by resignation"]

1. Nf3 Nf6 2. d4 g6 3. c4 Bg7 4. Nc3 d5 5. cxd5 Nxd5 6. e4 Nxc3 7. bxc3 c5 8. Be3 Qa5 9. Qd2 cxd4 10. cxd4 Qxd2+ 11. Bxd2 Nc6 12. Bb5 Bd7 13. Rb1 a6 14.
Bxc6 Bxc6 15. d5 Bb5 16. a4 Bd3 17. Rxb7 Bxe4 18. Bg5 f6 19. Be3 Bxd5 20. Rb6 Kf7 21. O-O Rhd8 22. h4 a5 23. Rc1 Bf8 24. Rc7 h6 25. Nd4 Rac8 26. Rxc8 Rxc8 27. Rb5 Bc4 28. Rxa5 e5 29. Ra7+ Kg8 30. Nb5 Rb8 31. Nc7 Bd6 32. a5 e4 33. a6 Rb1+ 0-1

[Event "Early-Titled-Tuesday-Blitz-February-13-2024"]
[Site "Chess.com"]
[Date "2024.02.13"]
[Round "4"]
[White "PolandHussars"]
[Black "Maria_Severina"]
[Result "1/2-1/2"]
[WhiteElo "2586"]
[BlackElo "2456"]
[TimeControl "180+1"]
[EndTime "8:42:58 PST"]
[Termination "Game drawn by repetition"]

1. e4 e5 2. Nc3 Nc6 3. g3 g6 4.
Bg2 Bg7 5. Nge2 d6 6. O-O Nge7 7. d3 O-O 8. h3 f5 9. f4 Be6 10. Kh2 Qd7 11. Be3 Rae8 12. Qd2 Kh8 13. Rae1 fxe4 14.
Nxe4 Nf5 15. Bg1 exf4 16. Nxf4 Bg8 17. c3 b6 18. g4 Nh4 19. d4 Nxg2 20. Qxg2 d5 21.
Ng5 Rxe1 22. Rxe1 Rxf4 23. Qg3 Rf8 24. Qh4 Qd6+ 25. Kh1 Qf6 26. Re6 Qxe6 27. Nxe6 Bxe6 28. Qg3 Rf7 29. Qe3 Bd7 30. Bh2 Kg8 31. Bxc7 Bf8 32. Kg2 Ne7 33. Be5 Nc6 34. Bg3 Re7 35. Qf3 Be6 36.
Bd6 Rf7 37. Qe3 Bxg4 38. Bxf8 Bf3+ 39. Kg3 Kxf8 40. Qe6 Ne7 41. Qd6 Be4 42. Kh2 Rf2+ 43. Kg1 Rf3 44. h4 Kf7 45. Qc7 Re3 46. Qf4+ Nf5 47.
Qc7+ Kg8 48. Qb8+ Kg7 49. Qe5+ Kf7 50. Qc7+ Kf6 51. Qe5+ Kf7 52. Qc7+ 1/2-1/2

[Event "Early-Titled-Tuesday-Blitz-February-13-2024"]
[Site "Chess.com"]
[Date "2024.02.13"]
[Round "4"]
[White "Jamal-Jamal-Jamal"]
[Black "Manukyan_Artak"]
[Result "0-1"]
[WhiteElo "2329"]
[BlackElo "2529"]
[TimeControl "180+1"]
[EndTime "8:42:59 PST"]
[Termination "Manukyan_Artak won on time"]

1. e4 c6 2. d4 d5 3. e5 Bf5 4. Nf3 e6 5. Be2 c5 6. O-O Nc6 7. Nbd2 cxd4 8. Nb3 Nge7 9. Nbxd4 Bg6 10. Bf4 a6 11. h3 Qb6 12. Nb3 h6 13. a4 Nf5 14. g4 Nfe7 15. Qd2 Rc8 16. a5 Qc7 17. Nc5 Bh7 18. b4 Ng6 19. Bg3 Bxc5 20. bxc5 O-O 21. c3 Na7 22. Bd3 Qxc5 23. Rfc1 Nb5 24. Bxb5 Qxb5 25.
Nd4 Qd7 26. f4 Ne7 27. Bf2 Nc6 28. Ra3 Nxd4 29. Bxd4 Qb5 30. Kf2 Rc4 31. Ke3 Rfc8 32. Ra2 Be4 33. Rb2 Qc6 34. Rb6 Qc7 35. Rb2 Ra4 36. Bb6 Qc4 37. Bd4 Rxa5 38. Rxb7 Ra2 39. Rb2 Rxb2 40. Qxb2 Qd3+ 41. Kf2 Qf3+ 42. Kg1 Qh1+ 43.
Kf2 Qg2+ 0-1

[Event "Early-Titled-Tuesday-Blitz-February-13-2024"]
[Site "Chess.com"]
[Date "2024.02.13"]
[Round "4"]
[White "Zampronha1971"]
[Black "MrChessSponge"]
[Result "0-1"]
[WhiteElo "2315"]
[BlackElo "2523"]
[TimeControl "180+1"]
[EndTime "8:42:59 PST"]
[Termination "MrChessSponge won on time"]

1. e4 c5 2. Nf3 d6 3. d4 cxd4 4.
Nxd4 Nf6 5. Nc3 a6 6. Bg5 e6 7. f4 h6 8. Bh4 Qb6 9. a3 Nbd7 10. Qd2 Be7 11. O-O-O Nxe4 12. Nxe4 Bxh4 13. Nf3 Be7 14. Nxd6+ Bxd6 15. Qxd6 Qxd6 16. Rxd6 Ke7 17. Rd1 b5 18. Bd3 Bb7 19. Rhf1 Rac8 20. g3 Bxf3 21. Rxf3 Rhd8 22. Be2 Nc5 23. Rc3 Rxd1+ 24. Bxd1 Kd7 25. Bf3 f6 26. Bg4 Rc7 27. b4 f5 28. Bxf5 exf5 29. bxc5 Kc6 30.
Re3 Kxc5 31. Re5+ Kc4 32. Kb2 Rf7 33. Re6 a5 34. Rd6 Kc5 35. Re6 g5 36. Rxh6 gxf4 37.
gxf4 b4 38. a4 Kd4 39. Ra6 Ke4 40. Rxa5 Kxf4 41. Rb5 Ke3 42. Rxb4 f4 0-1

[Event "Early-Titled-Tuesday-Blitz-February-13-2024"]
[Site "Chess.com"]
[Date "2024.02.13"]
[Round "4"]
[White "noblerone"]
[Black "Austen48"]
[Result "1-0"]
[WhiteElo "2499"]
[BlackElo "2202"]
[TimeControl "180+1"]
[EndTime "8:42:59 PST"]
[Termination "noblerone won on time"]

1. d4 Nf6 2. c4 e6 3. Nc3 Bb4 4. Qb3 a5 5. a3 Bxc3+ 6. Qxc3 d5 7. Bg5 O-O 8. e3 Nbd7 9. Nf3 h6 10.
Bh4 c6 11. Bd3 a4 12. O-O Qb6 13. c5 Qa5 14. Qc2 Re8 15. Bg3 Nf8 16. Bd6 N6d7 17. Rac1 Qd8 18. e4 dxe4 19. Bxe4 Qf6 20. Qe2 Ng6 21.
Rfe1 Nf4 22. Qe3 g5 23. Ne5 Nd5 24. Qh3 Qg7 25. Ng4 f5 26. Nxh6+ Kh8 27. Nxf5+ Qh7 28. Qxh7+ Kxh7 29. Ng3+ Kg7 30. Nh5+ Kh6 31. Ng3 N7f6 32. Bf3 Bd7 33. Be5 Rg8 34. Ne4 Nxe4 35. Bxe4 Nf4 36.
g3 Nd5 37. Kg2 Raf8 38. Bd6 Rf7 39. Kf1 e5 40. Bxe5 Bh3+ 41. Ke2 Rgf8 42. f3 Nf6 43.
Bxf6 Rxf6 44. Ke3 g4 45. f4 Re6 46. Kd3 Rfe8 47. Re3 Bg2 48. Rce1 1-0

[Event "Early-Titled-Tuesday-Blitz-February-13-2024"]
[Site "Chess.com"]
[Date "2024.02.13"]
[Round "4"]
[White "Oleksandr_Bortnyk"]
[Black "Hovik_Hayrapetyan"]
[Result "1-0"]
[WhiteElo "3079"]
[BlackElo "2895"]
[TimeControl "180+1"]
[EndTime "8:43:01 PST"]
[Termination "Oleksandr_Bortnyk won by resignation"]

1. d4 Nf6 2. Nc3 d5 3. Bf4 a6 4. e3 e6 5. a3 c5 6. Nf3 Nc6 7. Bd3 Bd6 8. dxc5 Bxc5 9. O-O O-O 10. e4 dxe4 11. Nxe4 Be7 12. Qe2 Nd4 13. Nxd4 Qxd4 14. c3 Qa4 15. b4 Bd7 16. Rfd1 Bc6 17. Bc2 Qb5 18. c4 Qf5 19. Nxf6+ Qxf6 20. Be5 Qg5 21. f4 Qh6 22. Rd3 f5 23. Rh3 Qg6 24. Rg3 Qf7 25. Rxg7+ Qxg7 26. Bxg7 Kxg7 27. Rd1 Bf6 28. Qxe6 Rae8 29. Qxf5 Bd4+ 30. Rxd4 Rxf5 31. Bxf5 Re2 32.
g4 Rg2+ 33. Kf1 Rxh2 34. Be4 Bxe4 35. Rxe4 Kf6 36. a4 Rb2 37. c5 Ra2 38. a5 Rb2 39. Rd4 Ke6 40. g5 Kf5 41. Ke1 Kg4 42. Kd1 Kf5 43. Kc1 Rf2 44. Rd7 Rxf4 45. Rf7+ Kxg5 46.
Rxf4 Kxf4 47. b5 Ke5 48. c6 Kd6 49. cxb7 Kc7 50. bxa6 h5 51. Kd2 Kb8 52. Ke3 Ka7 53. Kf4 Kxa6 54. b8=Q 1-0

[Event "Early-Titled-Tuesday-Blitz-February-13-2024"]
[Site "Chess.com"]
[Date "2024.02.13"]
[Round "4"]
[White "WhiteKnight2612"]
[Black "PLAYER_2006_M"]
[Result "0-1"]
[WhiteElo "2870"]
[BlackElo "3011"]
[TimeControl "180+1"]
[EndTime "8:43:01 PST"]
[Termination "PLAYER_2006_M won by resignation"]

1. Nf3 Nf6 2. g3 e6 3. Bg2 d5 4.
O-O Be7 5. c4 O-O 6. d4 dxc4 7.
Ne5 Nc6 8. Bxc6 bxc6 9. Nxc6 Qe8 10. Qa4 Bd6 11. Qxc4 Bb7 12. Ne5 c5 13. Nc3 Nd5 14. Ne4 Bxe5 15. dxe5 Nb6 16. Qc2 Bxe4 17. Qxe4 Rd8 18.
Be3 Rd5 19. Rac1 Qb5 20. b3 Qxe2 21. Rc2 Rxe5 22. Qxe5 Qxc2 23. Qxc5 Qxa2 24. b4 h6 25. Bd4 Qe2 26. Qe7 Nc4 27. Bc5 Ra8 28. Rc1 Nd2 29. Be3 Nf3+ 30. Kg2 Ne1+ 31. Kg1 Nd3 32. Rc7 Qd1+ 33.
Kg2 Ne1+ 34. Kg1 Nc2+ 35. Kg2 Nxe3+ 36. fxe3 Qe2+ 37. Kh3 Qf1+ 38. Kh4 Qf5 39. g4 Qf2+ 40. Kh3 Qf3+ 41. Kh4 g5+ 0-1

[Event "Early-Titled-Tuesday-Blitz-February-13-2024"]
[Site "Chess.com"]
[Date "2024.02.13"]
[Round "4"]
[White "AlexandraSamaganova"]
[Black "toninhojit"]
[Result "0-1"]
[WhiteElo "2334"]
[BlackElo "2532"]
[TimeControl "180+1"]
[EndTime "8:43:01 PST"]
[Termination "toninhojit won on time"]

1. c4 c5 2. Nc3 Nc6 3. g3 g6 4.
Bg2 Bg7 5. a3 d6 6. Rb1 e5 7. b4 Rb8 8. bxc5 dxc5 9. Bxc6+ bxc6 10. Rxb8 Qc7 11. Rb1 Ne7 12. Nf3 O-O 13. d3 f5 14. Bb2 e4 15. Nh4 g5 16. Ng2 Rd8 17. Qc1 exd3 18. exd3 f4 19. Ne4 Nf5 20. gxf4 Bxb2 21.
Qxb2 Nd4 22. Nxc5 Bh3 23. Ne3 gxf4 24. Rg1+ Kh8 25. Ne4 Qe5 26. Kd1 fxe3 27. fxe3 Nf3 28. Qxe5+ Nxe5 29. d4 Bf5 30. Rb7 Bxe4 31. Rg5 Nxc4 32.
Rh5 Bg6 33. Rh4 Nxe3+ 34. Ke2 Nf5 35. Re4 Nxd4+ 36. Kf2 Bxe4 37. Ke3 Bg6 38. Rxa7 c5 39. a4 Nf5+ 40. Kf4 Nd4 41. Kg5 Rc8 42. a5 c4 43. Rd7 Ne6+ 44. Kf6 Nf8 0-1

[Event "Early-Titled-Tuesday-Blitz-February-13-2024"]
[Site "Chess.com"]
[Date "2024.02.13"]
[Round "4"]
[White "rezamahdavi2008"]
[Black "Sina_Movahed"]
[Result "1-0"]
[WhiteElo "2850"]
[BlackElo "2986"]
[TimeControl "180+1"]
[EndTime "8:43:02 PST"]
[Termination "rezamahdavi2008 won by resignation"]

1. e4 c5 2. Nf3 d6 3. d4 cxd4 4. Nxd4 Nf6 5. Nc3 g6 6. Be3 a6 7.
f3 h5 8. Bc4 Bg7 9. Bb3 Nbd7 10. Qd2 b5 11. a4 bxa4 12. Bxa4 Bb7 13. Nc6 Bxc6 14. Bxc6 Rb8 15. b3 O-O 16. O-O Ne5 17. Ba4 Qc7 18. Bd4 Rfc8 19. Ra2 Rb4 20. Ne2 Rbb8 21.
Kh1 h4 22. h3 Nh5 23. f4 Nc6 24. Bxg7 Kxg7 25. f5 Ne5 26. fxg6 fxg6 27. Qg5 Rf8 28. Raa1 Qa7 29. Kh2 Rf6 30. Qxh4 Rbf8 31. Rxf6 Rxf6 32.
Ng3 Rf4 33. Nxh5+ 1-0

[Event "Early-Titled-Tuesday-Blitz-February-13-2024"]
[Site "Chess.com"]
[Date "2024.02.13"]
[Round "4"]
[White "SnekkerAndersen"]
[Black "Onischuk_V"]
[Result "1/2-1/2"]
[WhiteElo "2646"]
[BlackElo "2787"]
[TimeControl "180+1"]
[EndTime "8:43:03 PST"]
[Termination "Game drawn by repetition"]

1. d4 d6 2. c4 e5 3. Nc3 exd4 4. Qxd4 Nc6 5. Qd2 g6 6. b3 Bg7 7. Bb2 Nf6 8. O-O-O O-O 9. h4 h5 10. f3 a5 11. a3 Be6 12. e4 Nd7 13. Nd5 Nc5 14.
Kc2 a4 15. b4 Nb3 16. Qg5 Bxd5 17. Qxd8 Bxe4+ 18. fxe4 Raxd8 19. Nf3 Rfe8 20. b5 Ne5 21. Bxe5 Bxe5 22. Bd3 b6 23. Kb1 Nc5 24. Bc2 Re7 25.
Rd5 Rde8 26. Rdd1 Kg7 27. Rhg1 Bf6 28. e5 dxe5 29. g4 e4 30. Nd4 Bxd4 31. Rxd4 hxg4 32.
Rxg4 e3 33. Rg1 e2 34. Re1 Re3 35. Kb2 R8e7 36. h5 gxh5 37. Rd5 Rf3 38. Rg1+ Kh6 39. Rd8 f5 40. Rh8+ Rh7 41. Rhg8 Rf7 42. Rh8+ Rh7 43.
Rhg8 Rf7 44. Rh8+ Rh7 1/2-1/2

[Event "Early-Titled-Tuesday-Blitz-February-13-2024"]
[Site "Chess.com"]
[Date "2024.02.13"]
[Round "4"]
[White "Vaathi_Coming"]
[Black "ajeale2"]
[Result "1-0"]
[WhiteElo "2891"]
[BlackElo "2455"]
[TimeControl "180+1"]
[EndTime "8:43:03 PST"]
[Termination "Vaathi_Coming won on time"]

1. b3 g6 2. Bb2 Nf6 3. e4 Bg7 4. e5 Nh5 5. Qf3 d6 6. g4 dxe5 7. gxh5 e4 8. Bxg7 exf3 9. Bxh8 f6 10. Bg7 Nc6 11. Nc3 Nb4 12. O-O-O Bf5 13. Nxf3 Qd6 14. hxg6 Nxa2+ 15. Kb2 Nxc3 16. dxc3 Qf4 17. Nd4 Bxg6 18.
Bb5+ Kf7 19. Bc4+ Ke8 20. Ne6 Qe5 21. f4 Qa5 22. Rd5 Qb6 23. f5 Bf7 24. Rb5 Qc6 25. Re1 Rc8 26. Rc5 Qb6 27. Rd5 c6 28. Rd3 a5 29. Bh6 Qc7 30. Nxc7+ Rxc7 31. Red1 Rc8 32.
Rd8+ Rxd8 33. Bxf7+ Kxf7 34. Rxd8 1-0

[Event "Early-Titled-Tuesday-Blitz-February-13-2024"]
[Site "Chess.com"]
[Date "2024.02.13"]
[Round "4"]
[White "NovoselovRoman"]
[Black "Chernyavsky_A"]
[Result "1-0"]
[WhiteElo "2544"]
[BlackElo "2373"]
[TimeControl "180+1"]
[EndTime "8:43:03 PST"]
[Termination "NovoselovRoman won on time"]

1. d4 Nf6 2. Nc3 d5 3. Bf4 c5 4. e3 cxd4 5. exd4 a6 6. Nf3 Nc6 7. Bd3 Bg4 8. Be2 e6 9. O-O Bxf3 10. Bxf3 Qb6 11. Ne2 Rc8 12. c3 Na5 13. b3 Bd6 14. Bg5 Nd7 15. Qd2 O-O 16. Ng3 Qc7 17. Rac1 b5 18. Kh1 Ba3 19. Rc2 b4 20. Bh6 gxh6 21. Qxh6 f6 22. Nh5 Rf7 23. Re1 Qd8 24. Rxe6 Rxc3 25.
Rce2 Rc1+ 26. Qxc1 Bxc1 27. Re8+ Rf8 28. Bxd5+ Kh8 29. Rxd8 Rxd8 30. g4 f5 31. Be6 Nf8 32. Bxf5 Nc6 33. Rc2 Nxd4 34. Rxc1 Nxf5 35. gxf5 Rd2 36.
Kg2 Rxa2 37. f6 Kg8 38. Rc7 Ne6 39. Re7 Re2 40. Kg3 Re5 41. Ng7 Rg5+ 42. Kh4 Rxg7 43. fxg7 Nxg7 44. Ra7 1-0

[Event "Early-Titled-Tuesday-Blitz-February-13-2024"]
[Site "Chess.com"]
[Date "2024.02.13"]
[Round "4"]
[White "GrotBchess"]
[Black "LangesNasenhaar"]
[Result "1-0"]
[WhiteElo "2374"]
[BlackElo "2452"]
[TimeControl "180+1"]
[EndTime "8:43:03 PST"]
[Termination "GrotBchess won by checkmate"]

1. c4 b6 2. e4 Bb7 3. Nc3 e6 4. Nf3 Bb4 5. Qc2 Nc6 6. d3 e5 7.
a3 Bc5 8. b4 Nd4 9. Nxd4 Bxd4 10. Bb2 Nf6 11. Ne2 c5 12. Bxd4 cxd4 13. Ng3 O-O 14. Be2 Rc8 15. Qd2 h6 16. b5 d6 17.
a4 Nd7 18. a5 Ra8 19. a6 Bc8 20. h4 Nc5 21. Rb1 Na4 22. Bf3 Nc3 23. Rc1 Be6 24.
Nh5 Kh7 25. g4 g6 26. Ng3 Rc8 27. g5 h5 28. Bxh5 gxh5 29. Nxh5 Rh8 30. Nf6+ Kg7 31. f4 Rc5 32. f5 Bc8 33. h5 Kf8 34. h6 d5 35.
cxd5 Rxb5 36. Qh2 Qe7 37. g6 Qxf6 38. g7+ Ke7 39. Qh4 Rg8 40. Qxf6+ Kxf6 41. h7 Kxg7 42. f6+ Kh8 43. hxg8=Q+ Kxg8 44. Kf2 Rb2+ 45. Kf3 Ne2 46. Rxc8# 1-0

[Event "Early-Titled-Tuesday-Blitz-February-13-2024"]
[Site "Chess.com"]
[Date "2024.02.13"]
[Round "4"]
[White "szefru"]
[Black "HelvertHernandez"]
[Result "1-0"]
[WhiteElo "2263"]
[BlackElo "1946"]
[TimeControl "180+1"]
[EndTime "8:43:03 PST"]
[Termination "szefru won on time"]

1. e4 c5 2. Nf3 Nc6 3. b3 Nf6 4. e5 Ng4 5. Bb2 Qc7 6. Qe2 d6 7. exd6 Qxd6 8. Nc3 Bf5 9. O-O-O e6 10. h3 Nf6 11. g4 Bg6 12. Bg2 Be7 13. Nb5 Qd8 14.
Ne5 O-O 15. Bxc6 bxc6 16. Nxc6 Qe8 17. Nxe7+ Qxe7 18. f3 Nd5 19. h4 h6 20. h5 Bh7 21.
g5 hxg5 22. h6 Nf4 23. Qe5 f6 24. Qe3 Rfc8 25. d3 a6 26. Nc3 c4 27. dxc4 a5 28. a4 Rab8 29. hxg7 Qxg7 30. Ne4 e5 31. Rh6 Qxh6 32. Kb1 Rd8 33. Rg1 Rd7 34. Nxg5 fxg5 35. Qxe5 Kf7 36. Qxb8 Qg6 37. Rc1 Rd1 38. Qc7+ Ke6 39.
Qc6+ Rd6 40. Re1+ 1-0

[Event "Early-Titled-Tuesday-Blitz-February-13-2024"]
[Site "Chess.com"]
[Date "2024.02.13"]
[Round "4"]
[White "maurovargas01"]
[Black "Vigg-Sama"]
[Result "0-1"]
[WhiteElo "1876"]
[BlackElo "2250"]
[TimeControl "180+1"]
[EndTime "8:43:03 PST"]
[Termination "Vigg-Sama won on time"]

1. e4 c5 2. Nc3 Nc6 3. f4 g6 4. Nf3 Bg7 5. g3 e6 6. Bg2 Nge7 7. O-O O-O 8. Nb5 d6 9. d3 a6 10. Nc3 b5 11. Bd2 b4 12. Na4 Bd7 13. Rb1 Nd4 14.
c3 Nxf3+ 15. Bxf3 Bb5 16. Be2 a5 17. c4 Bc6 18. b3 f5 19. Bf3 fxe4 20. dxe4 d5 21.
cxd5 exd5 22. exd5 Bxd5 23. Nxc5 Bd4+ 24. Kg2 Bxc5 25.
Rc1 Bb6 26. Qe2 Bxf3+ 27. Rxf3 Nf5 28. Qc4+ Kg7 29. Rd3 Qb8 30. Rd7+ Kh8 31. Bc3+ bxc3 32. Qxc3+ Kg8 33. g4 Ne3+ 0-1

[Event "Early-Titled-Tuesday-Blitz-February-13-2024"]
[Site "Chess.com"]
[Date "2024.02.13"]
[Round "4"]
[White "Cosi43"]
[Black "GM_dmitrij"]
[Result "0-1"]
[WhiteElo "2632"]
[BlackElo "3044"]
[TimeControl "180+1"]
[EndTime "8:43:04 PST"]
[Termination "GM_dmitrij won on time"]

1. d4 Nf6 2. Nf3 g6 3. c4 Bg7 4.
Nc3 d5 5. e3 O-O 6. Qb3 c6 7.
cxd5 cxd5 8. Bd3 Nc6 9. O-O a6 10. Bd2 b5 11. Rfc1 Na5 12. Qd1 Bg4 13. b3 Qb6 14. h3 Bxf3 15. Qxf3 e6 16. Ne2 Rfc8 17.
Bb4 Nb7 18. Ng3 Qd8 19. Qd1 a5 20. Ba3 b4 21. Bb2 h5 22. Rxc8 Rxc8 23. Rc1 Nd6 24. Rc5 h4 25. Ne2 Nfe4 26. Rxc8 Qxc8 27. f3 Nf6 28. Qc1 Qd8 29. Qc5 Bh6 30. Kf2 Nh5 31. Bc1 Bf8 32. Qc6 Ng7 33. a3 Ndf5 34. axb4 Bxb4 35. Bb2 Qg5 36. Bc1 Ng3 37. Qc2 Nxe2 38.
Qxe2 Nh5 39. Bd2 Qg3+ 40. Kf1 Qh2 41. Kf2 Ng3 42. Qd1 Nh1+ 43. Kf1 Qb8 44. Bxb4 Qxb4 45. Kg1 Ng3 46. Kf2 Qc3 47. Qc2 Qa1 48. Qc8+ Kg7 49. Qc2 Nh1+ 50. Ke2 Qg1 0-1

[Event "Early-Titled-Tuesday-Blitz-February-13-2024"]
[Site "Chess.com"]
[Date "2024.02.13"]
[Round "4"]
[White "LiadCuba"]
[Black "TregubovP"]
[Result "0-1"]
[WhiteElo "2460"]
[BlackElo "2688"]
[TimeControl "180+1"]
[EndTime "8:43:04 PST"]
[Termination "TregubovP won on time"]

1. d4 Nf6 2. c4 c5 3. d5 b5 4. cxb5 a6 5. e3 g6 6. Nc3 Bg7 7. a4 O-O 8. Nf3 Bb7 9. e4 e6 10. dxe6 fxe6 11. bxa6 Nxa6 12. Bd3 Nb4 13. Bb1 d5 14.
exd5 exd5 15. O-O d4 16. Na2 Ng4 17. Ng5 Ne3 18. Bxe3 dxe3 19. Qxd8 Raxd8 20. Nxb4 exf2+ 21. Kh1 cxb4 22. Ne6 Ba6 23. Nxd8 Bxf1 24. Ba2+ Kh8 25. Nf7+ Rxf7 26. Bxf7 Be2 27. Bd5 Bxb2 28. Rb1 f1=Q+ 29. Rxf1 Bxf1 30. a5 Bd4 31. Bb3 Ba6 32. h3 Kg7 33. Kh2 Kf6 34. Kg3 Ke5 35. Kf3 Bb7+ 36. Kg3 Bc5 37. h4 h5 38. Kh3 Kd4 39. Bf7 Be4 40.
a6 Bf5+ 41. Kg3 Kc3 42. Kf4 b3 43. g4 Bxg4 44. Bxg6 b2 45. Kg5 Be2 0-1

[Event "Early-Titled-Tuesday-Blitz-February-13-2024"]
[Site "Chess.com"]
[Date "2024.02.13"]
[Round "4"]
[White "MasterofMasters2006"]
[Black "Juwen"]
[Result "0-1"]
[WhiteElo "2276"]
[BlackElo "2620"]
[TimeControl "180+1"]
[EndTime "8:43:04 PST"]
[Termination "Juwen won by checkmate"]

1. d4 Nf6 2. c4 e6 3. Nf3 Bb4+ 4. Bd2 a5 5. g3 O-O 6. Bg2 d5 7. a3 Bxd2+ 8. Nbxd2 b6 9. O-O Bb7 10. Re1 Nbd7 11. Rc1 a4 12. cxd5 exd5 13. Qc2 c5 14. e3 Re8 15. Bf1 Bc6 16. dxc5 bxc5 17. Bg2 Qb6 18. Red1 Rab8 19. Rb1 Qb7 20. Ne1 Rbc8 21. Nd3 d4 22. Bxc6 Rxc6 23. exd4 cxd4 24. Qxa4 Rd6 25.
Qb4 Qa6 26. Nc4 Rc6 27. Rbc1 h5 28. b3 Rce6 29. Re1 h4 30. Qd2 Qb7 31. Nf4 Rxe1+ 32. Rxe1 Rxe1+ 33. Qxe1 Qxb3 34. Nd2 Qxa3 35. Nf1 Qd6 36.
Qd2 Ne5 37. Kg2 Qc6+ 38. Kh3 g5 39. Nh5 g4+ 40. Kxh4 Nf3# 0-1

[Event "Early-Titled-Tuesday-Blitz-February-13-2024"]
[Site "Chess.com"]
[Date "2024.02.13"]
[Round "4"]
[White "Sam_ChessMood"]
[Black "only_strong_moves"]
[Result "1-0"]
[WhiteElo "2932"]
[BlackElo "2692"]
[TimeControl "180+1"]
[EndTime "8:43:05 PST"]
[Termination "Sam_ChessMood won by resignation"]

1. d4 Nf6 2. c4 e6 3. Nf3 d5 4. g3 Be7 5. Bg2 O-O 6. O-O dxc4 7.
Qc2 a6 8. a4 Bd7 9. Rd1 Bc6 10.
Bg5 Nbd7 11. Nbd2 b5 12. b3 c3 13. Qxc3 Bb7 14. Qc2 h6 15. Bxf6 Nxf6 16. e3 Rc8 17.
axb5 axb5 18. Ra7 Bxf3 19. Nxf3 c5 20. Ne5 Nd5 21. Bxd5 exd5 22. Qf5 c4 23. Rd7 Qe8 24. Rxd5 cxb3 25. Qb1 Bf6 26. Nd7 Qe6 27. Nxf8 Qxd5 28.
Qh7+ Kxf8 29. Qh8+ Ke7 30. Qxc8 Qc4 31. Qb7+ Kf8 32.
Qa8+ Ke7 33. Qe4+ Kf8 34. Qb1 Be7 35. Qb2 Qa4 36. Rb1 Qc4 37. Qxb3 Qe2 38. Qxb5 1-0

[Event "Early-Titled-Tuesday-Blitz-February-13-2024"]
[Site "Chess.com"]
[Date "2024.02.13"]
[Round "4"]
[White "Sofia_Blokhin"]
[Black "SmirnovAlexandrA"]
[Result "1/2-1/2"]
[WhiteElo "2256"]
[BlackElo "2597"]
[TimeControl "180+1"]
[EndTime "8:43:05 PST"]
[Termination "Game drawn by repetition"]

1. d4 Nf6 2. c4 d6 3. Nc3 g6 4.
e4 Bg7 5. f3 O-O 6. Be3 c5 7. Qd2 cxd4 8. Bxd4 Nc6 9. Be3 Be6 10.
O-O-O Qa5 11. Kb1 Rfc8 12. Nd5 Qxd2 13. Rxd2 Bxd5 14. exd5 Ne5 15. b3 Rab8 16. a4 a5 17. Ne2 Nfd7 18. Nc3 Nc5 19. Kc2 Na6 20. Nb5 Nb4+ 21.
Kb1 b6 22. Be2 Nd7 23. Re1 Nc5 24. Bxc5 bxc5 25. Bd1 Bf6 26. Bc2 Kg7 27. Rde2 h5 28. g3 g5 29. h3 Rh8 30. f4 gxf4 31. gxf4 Rbg8 32. Rg2+ Kf8 33. Reg1 Rxg2 34. Rxg2 Rg8 35. Rxg8+ Kxg8 36. Bd1 Kg7 37. Bxh5 Nd3 38. f5 Bh4 39. Na7 Nf4 40. Bg4 Kf6 41. Nc6 Be1 42. Kc2 Ng2 43. Bf3 Nf4 44. Bg4 Ng2 45. Bf3 Nf4 46. Bg4 1/2-1/2

[Event "Early-Titled-Tuesday-Blitz-February-13-2024"]
[Site "Chess.com"]
[Date "2024.02.13"]
[Round "4"]
[White "RantomOpening"]
[Black "abelmat"]
[Result "1-0"]
[WhiteElo "2484"]
[BlackElo "2085"]
[TimeControl "180+1"]
[EndTime "8:43:05 PST"]
[Termination "RantomOpening won on time"]

1. c4 Nf6 2. Nf3 e6 3. Nc3 d5 4. e3 Be7 5. b3 O-O 6. Bb2 b6 7.
g3 Bb7 8. Bg2 Nbd7 9. d4 c5 10.
O-O Rc8 11. cxd5 Nxd5 12. Rc1 Nxc3 13. Bxc3 cxd4 14. Qxd4 Bf6 15. Qd2 Bxc3 16. Rxc3 Rxc3 17. Qxc3 Bd5 18. Nd4 Bxg2 19. Kxg2 Nc5 20. Nf3 a5 21. Qc4 h6 22. Qb5 Qd6 23. Nd4 Rc8 24.
Rd1 Qd5+ 25. Kg1 Ne4 26. Qxd5 exd5 27. f3 Nf6 28. Rd2 Kf8 29. Rc2 Rxc2 30. Nxc2 Ke7 31. Kf2 Kd6 32. Nd4 g6 33. Ke2 Kc5 34. Kd3 Kb4 35. Nc2+ Kc5 36. a3 b5 37. b4+ axb4 38. axb4+ Kd6 39. Nd4 Kc7 40. Nxb5+ Kb6 41. Nc3 Kc6 42. Kd4 h5 43. b5+ Kd6 44. b6 Kc6 45.
b7 Kxb7 46. Nxd5 Nd7 47. Ke4 Kc6 48. Nc3 Kd6 49. Kf4 Ke6 50. Ne4 Nb6 51. Ng5+ Ke7 52. e4 Nc4 53. Nh3 f6 54. Nf2 Nd2 55. Ke3 Nc4+ 56.
Ke2 Ke6 57. Nd3 Nd6 58. Nf4+ Kf7 59. Kd3 Ne8 60. h4 Nd6 61. g4 Ne8 62. gxh5 gxh5 63.
Nxh5 Kg6 64. Nf4+ Kf7 65. Kd4 Nd6 66. Kd5 Ne8 67. h5 Ng7 68. h6 Ne8 69. Kc6 Kg8 70. Kd7 f5 71. e5 1-0